 Dungeon Crawl Stone Soup version 0.31.0-12-g77e489cdc1 (webtiles) character file.

Game seed: 10512870027644210341

144 spaghetti the Trooper (level 5, -8/43 HPs)
             Began as a Mummy Fighter on Feb 18, 2024.
             Mangled by Crazy Yiuf
             ... wielding a +3 quarterstaff of chaos
              (15 damage)
             ... on level 2 of the Dungeon.
             The game lasted 00:01:40 (1666 turns).

spaghetti the Trooper (Mummy Fighter)               Turns: 1666, Time: 00:01:41

Health: -8/43      AC:  7    Str: 21    XL:     5   Next: 5%
Magic:  5/5        EV:  9    Int:  8    God:
Gold:   92         SH:  4    Dex: 11    Spells: 4/4 levels left

rFire   x . .        e - +2 dagger (venom)
rCold   + . .        c - +0 buckler
rNeg    + + +        b - +0 scale mail
rPois   ∞            (no helmet)
rElec   .            (no cloak)
rCorr   .            g - +0 pair of gloves
SInv    .            (no boots)
Will    .....        (no amulet) Stlth
                     (no ring)
HPRegen 0.27/turn    (no ring)
MPRegen 0.09/turn

%: faith
@: fragile (+50% incoming damage)
A: cold resistance 1, negative energy resistance 3, torment resistance 2, heat
vulnerability 1, in touch with death 1, no potions, faith
a: no special abilities


You were on level 2 of the Dungeon.
You visited 1 branch of the dungeon, and saw 2 of its levels.

You collected 92 gold pieces.

Inventory:

Hand Weapons
 a - a +0 flail
 e - a +2 dagger of venom (weapon)
Armour
 b - a +0 scale mail (worn)
 c - a +0 buckler (worn)
 g - a +0 pair of gloves (worn)
Scrolls
 d - 3 scrolls of identify
 f - 2 scrolls of noise
 i - a scroll of enchant weapon


   Skills:
 + Level 4.7 Fighting
 - Level 3.1 Maces & Flails
 - Level 2.4 Armour
 - Level 2.4 Shields


You had 4 spell levels left.
You didn't know any spells.
Your spell library was empty.

Dungeon Overview and Level Annotations

Branches:
Dungeon (2/15)

Altars:

Annotations:
D:2 Crazy Yiuf


Innate Abilities, Weirdness & Mutations

You are immune to poison.
Your flesh is cold resistant. (rC+)
You are immune to negative energy. (rN+++)
You are immune to unholy pain and torment.
You are vulnerable to heat. (rF-)
You are in touch with the powers of death.
You do not drink.
You have a special connection with the divine. (Faith)


Message History

Crazy Yiuf shouts!
Could not explore, unopened runed door.
Could not explore, unopened runed door.
No reachable target in view!
No reachable target in view!
No reachable target in view!
No reachable target in view!
No reachable target in view!
No reachable target in view!
No reachable target in view!
You open the door. You hit Crazy Yiuf.
Crazy Yiuf is lightly wounded.
Crazy Yiuf hits you with a +3 quarterstaff of chaos!
Your body becomes as fragile as glass!
You closely miss Crazy Yiuf.
Crazy Yiuf is lightly wounded.
Crazy Yiuf barely misses you.
You hit Crazy Yiuf but do no damage.
Crazy Yiuf is poisoned.
Crazy Yiuf is lightly wounded.
Crazy Yiuf barely misses you.
You closely miss Crazy Yiuf.
Crazy Yiuf is lightly wounded.
Crazy Yiuf barely misses you.
You hit Crazy Yiuf but do no damage.
Crazy Yiuf is lightly wounded.
Crazy Yiuf barely misses you.
You closely miss Crazy Yiuf.
Crazy Yiuf is moderately wounded.
Crazy Yiuf hits you with a +3 quarterstaff of chaos!
Crazy Yiuf freezes you.
You barely miss Crazy Yiuf.
Crazy Yiuf is moderately wounded.
Crazy Yiuf hits you with a +3 quarterstaff of chaos!
* * * LOW HITPOINT WARNING * * *
You hit Crazy Yiuf.
Crazy Yiuf looks even sicker.
Crazy Yiuf is heavily wounded.
Crazy Yiuf laughs, "Buddy noodlescoop shrimp!"
Crazy Yiuf hits you with a +3 quarterstaff of chaos!
You die...

#....######.........
#....# ####..#...
♣....♣ #..)...
♣...♣♣ #.####. ♣♣.♣♣
#.# #. ♣.♣♣ ###.# #†
♣♣.♣ #...# #. ♣.♣♣
#.### #. ♣♣@♣
####.### #. #g#
#......# #. ...
####.#.# ## #...#
#.#.# #..)# #...#
##### ##..# #..#
#..# #..#


You could see Crazy Yiuf (very poisoned).

Vanquished Creatures
  Natasha (twice) (D:2)
  3 adders (D:2)
  A gnoll (D:1)
  A dart slug (D:2)
  A ribbon worm (D:2)
  7 ball pythons
  An endoplasm (D:2)
  5 giant cockroaches
  6 goblins (D:1)
  4 hobgoblins (D:1)
  3 jackals (D:1)
  5 kobolds
  3 quokkas
  5 bats
  A frilled lizard (D:1)
  6 rats
54 creatures vanquished.

Notes
Turn   | Place    | Note
-------+----------+-------------------------------------------
     0 | D:1      | spaghetti the Mummy Fighter began the quest for the Orb.
     0 | D:1      | Reached XP level 1. HP: 18/18 MP: 1/1
    22 | D:1      | Reached XP level 2. HP: 18/24 MP: 2/2
   381 | D:1      | Reached XP level 3. HP: 28/29 MP: 3/3
   967 | D:2      | Reached XP level 4. HP: 32/37 MP: 4/4
  1127 | D:2      | Reached skill level 4 in Fighting
  1365 | D:2      | Found a runed translucent door.
  1366 | D:2      | Noticed Crazy Yiuf
  1429 | D:2      | Noticed Natasha
  1444 | D:2      | Killed Natasha
  1601 | D:2      | Noticed Natasha
  1607 | D:2      | Killed Natasha
  1608 | D:2      | Reached XP level 5. HP: 36/43 MP: 5/5
  1666 | D:2      | Mangled by Crazy Yiuf

Illustrated notes

Levels and vault maps discovered:
D:1:      saegor_arrival_simple_c, layout_loops_ring
D:2:      layout_loops_ring, uniq_crazy_yiuf_cottage, uniq_natasha

Skill      XL: |  1  2  3  4 |
---------------+-------------+-----
Maces & Flails | 2 3 |  3.1
Fighting       | 4 |  4.7
Armour         | |  2.4
Shields        | |  2.4

Action                     |  1- 3 |  4- 6 || total
---------------------------+-------+-------++-------
  Melee: Flail             |   100 |       ||   100
         Dagger            |    44 |    53 ||    97
    Use: Scroll            |     4 |       ||     4
 Armour: Scale mail        |   126 |    32 ||   158
  Dodge: Dodged            |    78 |    28 ||   106
  Block: Buckler           |    42 |     2 ||    44
